 Dungeon Crawl Stone Soup version 0.29.1-2-gbd0b4ee654 (webtiles) character file.

Game seed: 16101023446852223475

33384 McKennaii the Thaumaturge (level 13, -6/86 HPs)
             Began as a Demigod Conjurer on Nov 19, 2022.
             Mangled by a five-headed hydra (14 damage)
             ... on level 4 of the Lair of Beasts.
             The game lasted 00:43:01 (22728 turns).

McKennaii the Thaumaturge (Demigod Conjurer)       Turns: 22728, Time: 00:43:02

Health: -6/86      AC:  8    Str: 12    XL:     13   Next: 7%
Magic:  8/34       EV: 13    Int: 38    God:
Gold:   796        SH:  0    Dex: 12    Spells: 23/37 levels left

rFire   . . .      SeeInvis .   M - staff of air
rCold   . . .      Faith    .   (no shield)
rNeg    . . .      Spirit   .   O - +0 troll leather armour
rPois   .          Reflect  .   (no helmet)
rElec   +          Harm     .   o - +0 cloak
rCorr   .          Rampage  .   H - +0 pair of gloves
Will    ++...                   x - +0 pair of boots
Stlth   ++........              Q - amulet of regeneration
HPRegen 1.84/turn               F - +6 ring of intelligence
MPRegen 0.24/turn               J - ring of willpower

@: lethally poisoned (-6 -> -6)
A: high MP 1, forlorn, divine attributes
a: no special abilities


You were on level 4 of the Lair of Beasts.
You visited 2 branches of the dungeon, and saw 17 of its levels.
You also visited: Sewer.

You collected 1326 gold pieces.
You spent 530 gold pieces at shops.

Inventory:

Hand Weapons
 a - the +8 trishula "Condemnation" {holy, anguish, *Noise Fly rN+}
   (You took it off a merfolk siren on level 3 of the Lair of Beasts)

   It has been blessed by the Shining One to cause great damage to the undead
   and demons.
   It inflicts anguish, making its victims' attacks reflect back on them.
   rN:        It protects you from negative energy.
   Fly:       It grants you flight.
   *Noise:    It may make noises in combat.
 f - a +2 short sword of protection
 n - a +1 scimitar of flaming
 y - a +4 dagger of speed
Armour
 o - a +0 cloak (worn)
 x - a +0 pair of boots (worn)
 C - an orb of energy
 H - a +0 pair of gloves (worn)
 O - a +0 troll leather armour (worn)
Magical Staves
 M - a staff of air (weapon)
Jewellery
 v - a ring of protection from fire
 F - a +6 ring of intelligence (left hand)
 J - a ring of willpower (right hand)
 Q - an amulet of regeneration (around neck)
 R - a +4 ring of slaying
Wands
 q - a wand of roots (9)
 D - a wand of paralysis (6)
 G - a wand of quicksilver (12)
 T - a wand of flame (13)
 U - a wand of mindburst (10)
Scrolls
 c - a scroll of silence
 i - 3 scrolls of poison
 j - 2 scrolls of fear
 p - a scroll of summoning
 r - 2 scrolls of enchant weapon
 s - a scroll of fog {unknown}
 u - 3 scrolls of blinking {unknown}
 w - 3 scrolls of immolation {unknown}
 z - 2 scrolls of brand weapon {unknown}
 A - 7 scrolls of teleportation
 E - 4 scrolls of noise {unknown}
 I - 3 scrolls of magic mapping {unknown}
 K - 3 scrolls of vulnerability {unknown}
 P - a scroll of acquirement {unknown}
Potions
 b - 4 potions of magic
 d - 10 potions of curing
 e - 7 potions of flight
 g - 3 potions of might
 h - 3 potions of haste
 k - 3 potions of lignification
 l - 8 potions of heal wounds
 m - 3 potions of mutation {unknown}
 t - a potion of resistance {unknown}
 B - 2 potions of berserk rage {unknown}
 L - 2 potions of brilliance
 N - 7 potions of ambrosia
 S - 3 potions of cancellation {unknown}


   Skills:
 + Level 1.5 Polearms
 + Level 5.5 Armour
 - Level 6.0 Dodging
 - Level 4.0 Stealth
 + Level 12.7 Spellcasting
 + Level 11.7 Conjurations
 - Level 2.0 Translocations
 - Level 8.0 Air Magic


You had 23 spell levels left.
You knew the following spells:

 Your Spells              Type           Power      Damage    Failure   Level
a - Magic Dart            Conj           100%       1d8       0%          1
b - Searing Ray           Conj           100%       2d8       1%          2
c - Iskenderun's Mystic   Conj/Tloc      66%        2d14      1%          4
d - Airstrike             Air            45%        2d(7-23)  1%          4
e - Swiftness             Air            91%        N/A       1%          3

Your spell library contained the following spells:

 Spells                   Type           Power      Damage    Failure   Level
 Apportation              Tloc           78%        N/A       1%          1
 Beastly Appendage        Tmut           48%        N/A       1%          1
 Shock                    Conj/Air       100%       1d9       1%          1
 Dazzling Flash           Conj/Hex       100%       N/A       1%          3
 Fulminant Prism          Conj/Hex       31%        3d16      1%          4
 Sublimation of Blood     Necr           24%        N/A       3%          2
 Wereblood                Tmut           24%        N/A       3%          2
 Inner Flame              Hex/Fire       24%        N/A       6%          3
 Spider Form              Tmut/Pois      24%        N/A       6%          3
 Tukima's Dance           Hex            24%        N/A       6%          3
 Passage of Golubria      Tloc           39%        N/A       9%          4
 Silence                  Hex/Air        34%        N/A       11%         5
 Cause Fear               Hex            12%        N/A       19%         4
 Agony                    Necr           24%        N/A       47%         5
 Alistair's Intoxication  Tmut/Pois      16%        N/A       47%         5
 Yara's Violent Unravell  Hex/Tmut       12%        3d7       47%         5
 Malign Gateway           Summ/Tloc      15%        N/A       100%        7
 Summon Hydra             Summ           12%        N/A       100%        7
 Discord                  Hex            12%        N/A       100%        8
 Summon Horrible Things   Summ           12%        N/A       100%        8


Dungeon Overview and Level Annotations

Branches:
Dungeon (13/15)            Temple (0/1) D:6            Lair (4/5) D:10
 Shoals (0/4) Lair:3        Snake (0/4) Lair:2          Orc (0/2) D:9
  Sewer (visited)
  Slime: Lair:4-5    Vaults: D:13-14

Shops:
D:8 [   D:12 !   D:13 (

Annotations:
D:13 Jorgrun


Innate Abilities, Weirdness & Mutations

You have an increased reservoir of magic. (+10% MP)
You shall have no god before yourself.
Your divine heritage dramatically boosts your attributes as you level up.


Message History

Casting: Iskenderun's Mystic Blast (mildly dangerous; 1% risk of failure)
Confirm with . or Enter, or press ? or * to list all spells.
You erupt in a blast of force!
The mystic blast hits the five-headed hydra.
The five-headed hydra is lightly wounded.
The five-headed hydra is knocked back by the mystic blast.
The five-headed hydra collides with the water moccasin!
The water moccasin is moderately wounded.
The five-headed hydra is lightly wounded.
The mystic blast hits the elephant!
The elephant is almost dead.
The elephant is knocked back by the mystic blast.
The mystic blast hits the elephant!
You kill the elephant!
The mystic blast hits the elephant.
The elephant is heavily wounded.
The elephant is knocked back by the mystic blast.
You feel sick.
Unknown command.
Unknown command.
Casting: Iskenderun's Mystic Blast (mildly dangerous; 1% risk of failure)
Confirm with . or Enter, or press ? or * to list all spells.
You erupt in a blast of force!
The mystic blast hits the komodo dragon!
You kill the komodo dragon!
The mystic blast hits the five-headed hydra!
The five-headed hydra is moderately wounded.
You feel sick.
A komodo dragon comes into view.
The five-headed hydra bites you! The five-headed hydra bites you.
The five-headed hydra bites you but does no damage.
The five-headed hydra barely misses you.
The five-headed hydra bites you!
Unknown command.
You feel sick. The water moccasin bites you. The five-headed hydra bites you.
* * * LOW HITPOINT WARNING * * *
The five-headed hydra bites you!
* * * LOW HITPOINT WARNING * * *
The five-headed hydra bites you!
You die...

#.. ##._ #....
##.... ......#
.....†.### #
##....Y.†##....
......S@.Y....#
.....FD†......#
.....†..>......
...........####
...........#
.#..##.....#
#l. #)..... ..
......#.


You could see a five-headed hydra, 2 elephants, a komodo dragon, a water
moccasin and a bullfrog.

Vanquished Creatures
  Rupert (Lair:3)
  A catoblepas (Lair:2)
  3 hydras
  A centaur warrior (D:13)
  A two-headed ogre (D:8)
  Amaemon (Lair:3)
  A deep elf pyromancer (D:12)
  3 cyclopes
  2 oklob plants (Lair:1)
  A manticore (D:12)
  2 black mambas
  10 elephants
  2 merfolk sirens (Lair:3)
  6 cane toads
  A cane toad (shapeshifter) (D:13)
  An orange demon (Lair:3)
  2 gargoyles
  5 komodo dragons
  3 unseen horrors
  An efreet (D:12)
  A queen bee (Lair:2)
  A hornet (D:8)
  2 merfolk (Lair:3)
  5 trolls
  5 blink frogs (Lair:2)
  4 dream sheep (Lair:4)
  Sigmund (D:5)
  A vampire (D:13)
  A wyvern (Lair:1)
  27 yaks
  3 basilisks
  Grum (D:9)
  4 vampire mosquitoes (D:10)
  Menkaure (D:5)
  3 nagas (Lair:2)
  A warg (D:9)
  An acid dragon (D:9)
  5 water moccasins
  9 orc warriors
  A black bear (Lair:1)
  An ice beast (D:5)
  4 sky beasts
  3 centaurs
  5 wolves
  A phantom (D:7)
  3 kobold brigands
  8 bullfrogs
  A scorpion (D:5)
  A necrophage (D:5)
  29 killer bees
  2 howler monkeys (D:9)
  4 jellies
  2 electric eels
  A crimson imp (D:8)
  Crazy Yiuf (D:6)
  6 orc priests
  3 hounds (D:6)
  Jessica (D:2)
  14 orc wizards
  2 mummies (D:13)
  4 gnolls (D:5)
  10 adders
  3 white imps
  3 worms
  2 dart slugs (D:1)
  40 orcs
  2 endoplasms
  7 giant cockroaches
  11 goblins
  2 hobgoblins
  10 jackals
  17 kobolds
  6 quokkas
  7 ball pythons
  5 bats
  5 frilled lizards
  4 rats (D:1)
355 creatures vanquished.

Vanquished Creatures (others)
  An orc (D:9)
  18 fungi
  30 plants
49 creatures vanquished.

Grand Total: 404 creatures vanquished

Notes
Turn   | Place    | Note
-------+----------+-------------------------------------------
     0 | D:1      | McKennaii the Demigod Conjurer began the quest for the Orb.
     0 | D:1      | Reached XP level 1. HP: 14/14 MP: 5/5
   520 | D:1      | Reached XP level 2. HP: 20/20 MP: 5/7
   703 | D:1      | Reached skill level 2 in Spellcasting
  1418 | D:2      | Reached XP level 3. HP: 26/26 MP: 5/8
  1698 | D:2      | Noticed Jessica
  1702 | D:2      | Killed Jessica
  1706 | D:2      | Learned a level 2 spell: Searing Ray
  1802 | D:2      | Reached XP level 4. HP: 33/33 MP: 5/10
  1863 | D:2      | Learned a level 4 spell: Iskenderun's Mystic Blast
  3856 | D:5      | Entered Level 5 of the Dungeon
  3968 | D:5      | Noticed an ice beast
  3977 | D:5      | Killed an ice beast
  3978 | D:5      | Reached XP level 5. HP: 30/38 MP: 1/12
  3998 | D:5      | Reached skill level 5 in Conjurations
  4198 | D:5      | Noticed Sigmund
  4203 | D:5      | Killed Sigmund
  4204 | D:5      | Reached skill level 3 in Spellcasting
  4204 | D:5      | Reached XP level 6. HP: 42/45 MP: 11/13
  4288 | D:5      | Found a glowing drain.
  4341 | Sewer    | Entered a sewer
  4509 | Sewer    | Noticed a water moccasin
  4518 | Sewer    | Killed a water moccasin
  4711 | D:5      | Noticed Menkaure
  4714 | D:5      | Killed Menkaure
  4715 | D:5      | Reached XP level 7. HP: 50/50 MP: 10/15
  5885 | D:6      | Found a staircase to the Ecumenical Temple.
  5939 | D:6      | Reached skill level 4 in Spellcasting
  6101 | D:6      | Reached XP level 8. HP: 48/57 MP: 11/17
  6463 | D:6      | Found a runed translucent door.
  6464 | D:6      | Noticed Crazy Yiuf
  6470 | D:6      | Killed Crazy Yiuf
  6692 | D:7      | Reached skill level 5 in Dodging
  7331 | D:7      | Reached skill level 5 in Spellcasting
  7685 | D:7      | Learned a level 4 spell: Airstrike
  7689 | D:7      | Learned a level 3 spell: Swiftness
  7904 | D:8      | Reached XP level 9. HP: 48/62 MP: 11/20
  7921 | D:8      | Reached skill level 1 in Air Magic
  8608 | D:8      | Found Luuruamp's Antique Armour Emporium.
  8613 | D:8      | Bought a pair of gloves for 112 gold pieces
  8797 | D:8      | Noticed a two-headed ogre
  8971 | D:8      | Killed a two-headed ogre
  8972 | D:8      | Reached skill level 6 in Spellcasting
  9397 | D:9      | Noticed Grum
  9410 | D:9      | Killed Grum
 10947 | D:9      | Reached XP level 10. HP: 54/69 MP: 10/23
 11253 | D:9      | Found a staircase to the Orcish Mines.
 11696 | D:9      | Reached skill level 7 in Spellcasting
 11734 | D:9      | Reached skill level 5 in Air Magic
 11747 | D:9      | Reached skill level 10 in Conjurations
 12016 | D:10     | Entered Level 10 of the Dungeon
 12497 | D:10     | Found a staircase to the Lair.
 13491 | D:10     | Reached skill level 8 in Spellcasting
 13520 | D:10     | Reached XP level 11. HP: 47/74 MP: 3/27
 14077 | D:11     | Noticed a four-headed hydra
 14087 | D:11     | Killed a four-headed hydra
 14908 | D:11     | Reached skill level 9 in Spellcasting
 15206 | D:12     | Noticed a deep elf pyromancer
 15397 | D:12     | Killed a deep elf pyromancer
 16191 | D:12     | Noticed an eight-headed hydra
 16204 | D:12     | Killed an eight-headed hydra
 16205 | D:12     | Reached skill level 10 in Spellcasting
 16376 | D:12     | Found Naodde Pagi's Distillery.
 16381 | D:12     | Bought a potion of heal wounds for 55 gold pieces
 16381 | D:12     | Bought a potion of magic for 88 gold pieces
 16381 | D:12     | Bought 2 potions of haste for 220 gold pieces
 16381 | D:12     | Bought a potion of brilliance for 44 gold pieces
 16381 | D:12     | Bought a potion of degeneration for 11 gold pieces
 16904 | D:13     | Noticed a centaur warrior
 16913 | D:13     | Killed a centaur warrior
 17036 | D:13     | Found Sodghan's Weapon Shop.
 17065 | D:13     | Reached skill level 11 in Spellcasting
 17478 | D:13     | Noticed Jorgrun
 17595 | Lair:1   | Entered Level 1 of the Lair of Beasts
 18086 | Lair:1   | Noticed a five-headed hydra
 18163 | Lair:1   | Killed a five-headed hydra
 18164 | Lair:1   | Reached skill level 1 in Armour
 18164 | Lair:1   | Reached XP level 12. HP: 81/81 MP: 14/32
 18366 | Lair:1   | Reached skill level 1 in Translocations
 18824 | Lair:1   | Reached skill level 12 in Spellcasting
 19500 | Lair:2   | Found a staircase to the Snake Pit.
 19940 | Lair:2   | Noticed a catoblepas
 19950 | Lair:2   | Killed a catoblepas
 20677 | Lair:2   | Identified the +10 whip of the Gnat {pain, *Noise rF+ rC+
                  | rCorr}
 21073 | Lair:3   | Found a staircase to the Shoals.
 21258 | Lair:3   | Noticed Amaemon
 21264 | Lair:3   | Killed Amaemon
 21522 | Lair:3   | Noticed Rupert
 21542 | Lair:3   | Killed Rupert
 22014 | Lair:3   | Reached skill level 5 in Armour
 22567 | Lair:4   | Reached skill level 1 in Polearms
 22567 | Lair:4   | Reached XP level 13. HP: 85/86 MP: 13/34
 22728 | Lair:4   | Mangled by a five-headed hydra

Illustrated notes

Levels and vault maps discovered:
D:1:      dpeg_arrival_subterranean_lakeside_camping, layout_basic,
          minmay_door_square, dreamdust_mushroom_princess,
          corexii_item_surrounded_by_moat
D:2:      layout_rooms, chequers_ecumenical_altar_island, uniq_jessica
D:3:      layout_loops_corners, chequers_serial_rivers_micro_c,
          grunt_ministairs_7
D:4:      layout_cave_pools, kennysheep_crisscross
D:5:      layout_gridville, serial_rivers, chequers_serial_rivers_small_a,
          chequers_serial_rivers_micro_b, chequers_serial_rivers_small_b,
          chequers_serial_rivers_small_b, chequers_serial_rivers_small_b,
          gup_sewer_entry_bubbles, uniq_menkaure, uniq_sigmund
D:6:      layout_gridville, gammafunk_temple_overflow_statue, temple_pool_b,
          grunt_ministairs_2, uniq_crazy_yiuf_cottage
D:7:      layout_basic
D:8:      layout_layer_cave, serial_shops, nicolae_shop_hallway_plus,
          minmay_fire_ice_demons
D:9:      layout_basic, erik_orc_4, kennysheep_big_empty_room, uniq_grum
D:10:     layout_loops_ring, david_lair_shrubbed, enter_bailey_3
D:11:     layout_basic
D:12:     layout_irregular_city, serial_shops, nicolae_square_shop
D:13:     layout_roguey, serial_shops, nicolae_shop_bloodbath_and_beyond,
          minmay_guarded_unrand_curses, uniq_jorgrun
Lair:1:   layout_loops_ring, hangedman_tree_tricks, serial_bayou_shore_b,
          grunt_megastairs_2
Lair:2:   layout_roguey [special_room_bee], minmay_snake_entry_guardpost_small
Lair:3:   layout_concentric_octagons, elwin_shoals_entry_stream,
          serial_bayou_shore_a, infiniplex_staircase_pool, uniq_amaemon,
          uniq_rupert
Lair:4:   minmay_lair_oklob_chamber, layout_loops_ring, slime_entry_1

Skill      XL: |  1  2  3  4  5  6  7  8  9 10 11 12 13 |
---------------+----------------------------------------+-----
Stealth        | 2 3 4 |  4.0
Dodging        | 2 3 4 5 6 |  6.0
Spellcasting   | 2 3 4 5 6 8 11 12 | 12.7
Conjurations   | 4 5 7 8 9 10 11 | 11.7
Air Magic      | 4 6 7 8 |  8.0
Armour         | 1 5 |  5.5
Translocations | 2 |  2.0
Polearms       | 1 |  1.5

Action                   |  1- 3 |  4- 6 |  7- 9 | 10-12 | 13-15 || total
-------------------------+-------+-------+-------+-------+-------++-------
Melee: Unarmed           |     2 |       |       |       |       ||     2
       Short sword       |       |     2 |       |       |       ||     2
       Dagger            |       |       |     6 |       |       ||     6
       Staff             |       |       |       |     3 |       ||     3
       Trishula          |       |       |       |     8 |       ||     8
 Cast: Magic Dart        |    76 |    69 |   177 |   140 |       ||   462
       Searing Ray       |       |    13 |    67 |    79 |       ||   159
       Iskenderun's Myst |       |       |     9 |   136 |    11 ||   156
       Airstrike         |       |       |     2 |    77 |       ||    79
       Swiftness         |       |       |     1 |       |       ||     1
Evoke: Wand              |       |     7 |     2 |    12 |       ||    21
  Use: Potion            |       |     1 |       |       |       ||     1
       Scroll            |       |       |     4 |     6 |       ||    10
Armor: Robe              |     4 |     5 |    12 |    18 |       ||    39
       Troll leather arm |       |       |       |    40 |     7 ||    47
Dodge: Dodged            |    12 |    24 |    91 |   116 |    17 ||   260
